 Dungeon Crawl Stone Soup version 0.30-a0-58-gc0703345a7 (webtiles) character file.

Game seed: 2307307148015922933

43 drugrobin the Sneak (level 3, -7/30 HPs)
             Began as a Demigod Delver on Sept 12, 2022.
             Mangled by an iguana (9 damage)
             ... on level 4 of the Dungeon.
             The game lasted 00:01:20 (339 turns).

drugrobin the Sneak (Demigod Delver)                 Turns: 339, Time: 00:01:20

Health: -7/30      AC:  3    Str: 17    XL:     3   Next: 20%
Magic:  5/5        EV: 12    Int: 12    God:
Gold:   0          SH:  0    Dex: 15    Spells: 2/2 levels left

rFire   . . .      SeeInvis .    a - +1 short sword (venom)
rCold   . . .      Faith    .    (no shield)
rNeg    . . .      Spirit   .    b - +0 leather armour
rPois   .          Reflect  .    (no helmet)
rElec   .          Harm     .    (no cloak)
rCorr   .          Rampage  .    (no gloves)
Will    .....                    (no boots)
Stlth   +++.......               (no amulet)
HPRegen 0.10/turn                h - ring of flight
MPRegen 0.09/turn                (no ring)

@: flying
A: high MP 1, forlorn, divine attributes
a: no special abilities


You were on level 4 of the Dungeon.
You visited 1 branch of the dungeon, and saw 2 of its levels.

Inventory:

Hand Weapons
 a - a +1 short sword of venom (weapon)
 m - a +0 short sword
Armour
 b - a +0 leather armour (worn)
Jewellery
 h - a ring of flight (left hand)
Wands
 g - a wand of digging (3)
 i - a wand of iceblast (6)
Scrolls
 c - a scroll of fog
 d - a scroll of magic mapping
 e - a scroll of fear
 j - a scroll of amnesia {unknown}
 k - a scroll of poison {unknown}
 l - a scroll of identify {unknown}
Potions
 f - a potion of haste


   Skills:
 - Level 2.6 Fighting
 + Level 3.5 Short Blades
 - Level 1.7 Dodging
 - Level 4.5 Stealth


You had 2 spell levels left.
You didn't know any spells.
Your spell library was empty.

Dungeon Overview and Level Annotations

Branches:
Dungeon (5/15)
 Temple: D:4-7


Innate Abilities, Weirdness & Mutations

You have an increased reservoir of magic. (+10% MP)
You shall have no god before yourself.
Your divine heritage dramatically boosts your attributes as you level up.


Message History

You kill the iguana!
Your Short Blades skill increases to level 3!
You have reached level 3!
Your experience leads to a dramatic increase in your attributes!
Increase (S)trength, (I)ntelligence, or (D)exterity?
You feel stronger. x4
Unknown command.
You see here an iguana corpse.
Unknown command.
Unknown command.
An iguana comes into view.
Unknown command.
Things that are here:
a +1 short sword of venom; 4 stones; 16 gold pieces
m - a +1 short sword of venom Adjust (i)tems, (s)pells, or (a)bilities?
m - a +1 short sword of venom Adjust to which letter? (? for menu, Esc to quit)
a - a +1 short sword of venom;
m - a +0 short sword (weapon)
Your +1 short sword of venom begins to drip with poison!
a - a +1 short sword of venom (weapon)
You barely miss the iguana. The iguana barely misses you.
Unknown command.
The endoplasm quivers.
You hit the iguana but do no damage.
The iguana is poisoned.
Unknown command.
Unknown command.
You hit the iguana but do no damage.
The iguana looks as sick as possible!
The iguana bites you!
* * * LOW HITPOINT WARNING * * *
Unknown command.
Unknown command.
Unknown command.
Aiming: Iceblast
Press: ? - help, Shift-Dir - straight line The mass of ice explodes!
The iceblast engulfs the iguana!
The iguana is heavily wounded.
You hear a bark! x4
The iguana bites you!
You die...

######## #.......
#....... .... #.....
K...#### #######...
#.....# #.......#
'.....# +.....†.#
#.....# #...@l..#
#.....###+#.......+
#.......J.........#
#....†.....####+#.....
#...>......# #......
#..........# #......
#..........# #......
#.....###### ......
#.....# ....


You could see an iguana (extremely poisoned) and an endoplasm.

Vanquished Creatures
  An iguana (D:4)
  An adder (D:5)
  An ufetubus (D:5)
  2 jackals (D:4)
  A kobold (D:4)
6 creatures vanquished.

Notes
Turn   | Place    | Note
-------+----------+-------------------------------------------
     0 | D:5      | drugrobin the Demigod Delver began the quest for the Orb.
     0 | D:5      | Reached XP level 1. HP: 18/18 MP: 3/3
   195 | D:5      | Reached XP level 2. HP: 24/25 MP: 4/4
   203 | D:5      | Noticed a howler monkey
   330 | D:4      | Reached XP level 3. HP: 14/30 MP: 5/5
   339 | D:4      | Mangled by an iguana

Illustrated notes

Levels and vault maps discovered:
D:4:      layout_gridville, fedhas_altar_1, nicolae_ashenzari_panopticon,
          gammafunk_ghost_cemetery
D:5:      layout_cave_pools, mainiacjoe_overflow_catwalk_spiral

Skill      XL: |  1  2 |
---------------+-------+-----
Short Blades   | 2 3 |  3.5
Fighting       | |  2.6
Dodging        | |  1.7
Stealth        | |  4.5

Action                   || total
-------------------------++-------
Melee: Short sword       ||    29
       Punch             ||     1
Evoke: Wand              ||     3
Armor: Leather armour    ||    14
Dodge: Dodged            ||    16

Table legend: (Time is in decaauts)
 A = Elapsed time spent in this place.
 B = Non-inter-level travel time spent in this place.
 C = Inter-level travel time spent in this place.
 D = Time resting spent in this place.
 E = Time spent auto-exploring this place.
 F = Levels seen in this place.
 G = Mean time per level.
                   A        B        C        D        E       F      G
               +--------+--------+--------+--------+--------+-----+--------+
         Total |    337 |    337 |      0 |    173 |     31 |   2 |  168.5 |
       Dungeon |    337 |    337 |      0 |    173 |     31 |   2 |  168.5 |
               +--------+--------+--------+--------+--------+-----+--------+

Top non-repeatable levels by time:
     D:5: 219 daAuts
     D:4: 117 daAuts
